 Dungeon Crawl Stone Soup version 0.26-a0-651-gb41185065b (webtiles) character file.

Game seed: 7313494639797974132

232 Lanoc the Cudgeler (level 5, -5/47 HPs)
             Began as a Draconian Chaos Knight on Oct 17, 2020.
             Was a Plaything of Xom.
             Slain by an iguana (14 damage)
             ... summoned by Xom
             ... on level 4 of the Dungeon.
             The game lasted 00:03:39 (2788 turns).

Lanoc the Cudgeler (Draconian Chaos Knight)         Turns: 2788, Time: 00:03:39

Health: -5/47      AC:  5    Str: 15    XL:     5   Next: 73%
Magic:  5/5        EV: 13    Int: 12    God:    Xom [.*....]
Gold:   94         SH:  0    Dex: 11    Spells: 4/4 levels left

rFire    . . .     SeeInvis +   a - +0 mace (chaos)
rCold    . . .     Faith    .   (no shield)
rNeg     . . .     Spirit   .   (armour unavailable)
rPois    .         Reflect  .   (helmet restricted)
rElec    .         Harm     .   (no cloak)
rCorr    .         Rampage  .   (no gloves)
MR       .....                  (no boots)
Stlth    +.........             (no amulet)
HPRegen  0.15/turn              d - ring of see invisible (curse)
MPRegen  0.09/turn              (no ring)

@: no status effects
A: unfitting armour, cold-blooded, AC +5
a: Renounce Religion


You were on level 4 of the Dungeon.
You worshipped Xom.
You were a plaything of Xom.
You visited 1 branch of the dungeon, and saw 4 of its levels.

You collected 94 gold pieces.

Inventory:

Hand Weapons
 a - a +0 mace of chaos (weapon)
Jewellery
 d - a cursed ring of see invisible (left hand)
Wands
 f - a wand of flame (4)
Scrolls
 e - 2 scrolls of remove curse {unknown}
 g - 2 scrolls of identify {unknown}
 h - a scroll of enchant weapon {unknown}
 l - 3 scrolls of enchant armour {unknown}
Potions
 b - 2 potions of curing {unknown}
 c - a potion of mutation {unknown}
 i - a potion of flight {unknown}
 j - a potion of heal wounds {unknown}
 k - a potion of cancellation {unknown}
 m - a potion of might {unknown}


   Skills:
 + Level 4.5 Fighting
 * Level 5.1 Maces & Flails
 + Level 3.3 Dodging


You had 4 spell levels left.
You didn't know any spells.
Your spell library was empty.

Dungeon Overview and Level Annotations

Branches:
Dungeon (4/15)
 Temple: D:4-7

Altars:
Hepliaklqana
Makhleb
Trog

Annotations:
D:3 Grinder


Innate Abilities, Weirdness & Mutations

Your plain brown scales are hard. (AC +5)
You cannot fit into any form of body armour.
You are cold-blooded and may be slowed by cold attacks.


Message History

The iguana is heavily wounded.
The iguana bites you!
* * * LOW HITPOINT WARNING * * *
You barely miss the iguana.
The iguana is heavily wounded.
The iguana bites you.
* * * LOW HITPOINT WARNING * * *
You barely miss the iguana.
Your tail-slap misses the iguana.
The iguana is heavily wounded.
The iguana barely misses you.
You closely miss the iguana.
The iguana is heavily wounded.
The iguana bites you but does no damage.
You closely miss the iguana.
The iguana is heavily wounded.
The iguana closely misses you. x2
You hit the iguana.
Your tail-slap misses the iguana.
The iguana is almost dead.
The iguana bites you!
You die...

#.####.#
########..#
##.##.##
#........##
##...#
##.###..###
##..###..# ####
##..(..## ###
#....## #.#
##...## #.##
##..### #..## ##
##.###
##.l@####.#
##.##
##........# #.##
##.####...## ..#
##.##.......##
.##
###.##..#####..#
.# ##...#..#
#†#.$# .###
##......# #.#
#..#
...###.......#
#?# ...#
...........#.#
#[# .#.#


You could see an iguana (summoned).

Vanquished Creatures
  A centaur zombie (D:3)
  An iguana (D:4)
  An orc wizard (D:3)
  2 worker ants (D:4)
  5 adders
  An adder skeleton (D:4)
  2 worms (D:4)
  A dart slug (D:1)
  4 leopard geckos
  4 orcs
  5 bats (D:3)
  4 goblins
  2 hobgoblins
  2 jackals (D:3)
  6 quokkas
  5 frilled lizards
  A jackal skeleton (D:4)
  2 kobolds (D:3)
  3 rats (D:4)
52 creatures vanquished.

Vanquished Creatures (collateral kills)
  2 orcs (D:3)
2 creatures vanquished.

Grand Total: 54 creatures vanquished

Notes
Turn   | Place    | Note
-------+----------+-------------------------------------------
     0 | D:1      | Lanoc the Draconian Chaos Knight began the quest for the
                  | Orb.
     0 | D:1      | Reached XP level 1. HP: 19/19 MP: 1/1
   384 | D:2      | Reached XP level 2. HP: 20/26 MP: 2/2
   472 | D:3      | Reached XP level 3. HP: 16/33 MP: 3/3
   676 | D:3      | XOM: cast spell 'Call Canine Familiar'
   678 | D:3      | Reached skill level 4 in Maces & Flails
   703 | D:3      | Reached XP level 4. HP: 26/40 MP: 4/4
   997 | D:3      | Found a hazy altar of Hepliaklqana.
  1010 | D:3      | XOM: silly message
  1031 | D:3      | XOM: silly message
  1273 | D:3      | Noticed Grinder
  1273 | D:3      | Paralysed by Grinder for 5 turns
  1421 | D:4      | Reached XP level 5. HP: 35/46 MP: 5/5
  1519 | D:4      | Found a bloodstained altar of Trog.
  1519 | D:4      | XOM: 1-stop teleportation journey
  1520 | D:4      | Noticed a moth of wrath
  1714 | D:3      | XOM: enchant monster (bad)
  1716 | D:3      | Paralysed by Grinder for 6 turns
  1721 | D:3      | XOM: silly message
  2348 | D:4      | Found a burning altar of Makhleb.
  2612 | D:4      | XOM: snakes to sticks
  2629 | D:4      | Reached skill level 5 in Maces & Flails
  2780 | D:4      | XOM: summons 1 hostile shadow creature
  2788 | D:4      | Slain by an iguana

Illustrated notes

Levels and vault maps discovered:
D:1:      matt_arrival_diagonals, layout_loops_ring
D:2:      layout_loops_ring, lemuel_doored_altar
D:3:      layout_loops_cross, lemuel_coloured_pillars_altar, uniq_grinder
D:4:      layout_layer_cave, kennysheep_mini_moat, tgw_trog,
          minmay_misc_feat_ornament, minmay_circle_x

Skill      XL: |  1  2  3  4  5 |
---------------+----------------+-----
Maces & Flails | 4 5 |  5.1
Fighting       | 4 |  4.5
Dodging        | 3 |  3.3

Action                   |  1- 3 |  4- 6 || total
-------------------------+-------+-------++-------
Melee: Mace              |    58 |   137 ||   195
       Tailslap          |     9 |    10 ||    19
 Stab: Paralysed         |       |     1 ||     1
Armor: Skin              |    12 |    45 ||    57
Dodge: Dodged            |    45 |   123 ||   168

Table legend: (Time is in decaauts)
 A = Elapsed time spent in this place.
 B = Non-inter-level travel time spent in this place.
 C = Inter-level travel time spent in this place.
 D = Time resting spent in this place.
 E = Time spent auto-exploring this place.
 F = Levels seen in this place.
 G = Mean time per level.
                   A        B        C        D        E       F      G
               +--------+--------+--------+--------+--------+-----+--------+
         Total |   2830 |   2782 |     48 |    177 |   2168 |   4 |  707.5 |
       Dungeon |   2830 |   2782 |     48 |    177 |   2168 |   4 |  707.5 |
               +--------+--------+--------+--------+--------+-----+--------+

Top non-repeatable levels by time:
     D:4: 1507 daAuts
     D:3: 913 daAuts
     D:1: 283 daAuts
     D:2: 126 daAuts
